Map: Ley Lines

Players

KimChiLoVer - Winner!

  • Race: Terran Terran
  • Spawn Location: 7:00

VOD

Have the link to the VOD?

Description

Time

  • Played on: Aug. 11, 2025, 10:24 p.m.
  • Length: 10:21
Show
View Real Time Build Order
Export as new Build Order

KimChiLoVer Terran - Winner!

Build Orders: Reaper Expand 

Get SALT Encoding   

  12  0:02  SCV  
  12  0:14  SCV  
  12  0:18  Supply Depot  
  12  0:26  SCV  
  12  0:39  SCV  
  12  0:41  Barracks  
  12  0:46  Refinery  
  12  0:51  SCV  
  12  1:03  SCV  
  12  1:15  SCV  
  12  1:27  Orbital Command  
  12  1:30  Reaper  
  12  1:40  Command Center  
  12  1:51  Supply Depot  
  12  1:54  SCV  
  12  2:02  Marine  
  12  2:06  SCV, Factory  
  12  2:12  Refinery  
  12  2:19  SCV  
  12  2:24  Barracks Reactor  
  12  2:31  SCV  
  12  2:40  Barracks  
  12  2:43  SCV  
  12  2:44  Barracks  
  12  2:52  Factory Tech Lab  
  12  2:55  SCV  
  12  2:59  Orbital Command  
  12  3:02  Marine  
  12  3:08  Marine  
  12  3:20  SCV  
  12  3:31  Command Center  
  12  3:35  SCV  
  12  3:42  Factory Reactor, Starport  
  12  3:44  Stimpack  
  12  3:46  Marine  
  12  3:47  Marine  
  12  3:56  Engineering Bay, SCV  
  12  3:57  SCV  
  12  4:02  Engineering Bay  
  12  4:09  SCV  
  12  4:10  SCV  
  12  4:13  Marine  
  12  4:21  SCV  
  12  4:26  SCV  
  12  4:30  Refinery, Terran Infantry Weapons Level 1, Terran Infantry Armor Level 1  
  12  4:33  SCV  
  12  4:34  Factory Tech Lab, Supply Depot  
  12  4:37  Medivac  
  12  4:39  Medivac  
  12  4:45  Orbital Command  
  12  4:48  SCV  
  12  4:50  SCV  
  12  4:53  Marine x2  
  12  5:01  Siege Tank  
  12  5:04  SCV x2, Refinery  
  12  5:07  Marine x2  
  12  5:13  Barracks  
  12  5:15  Orbital Command  
  12  5:17  Barracks  
  12  5:22  Medivac  
  12  5:26  Medivac  
  12  5:27  Marine x2  
  12  5:28  Marine  
  12  5:29  SCV  
  12  5:31  SCV  
  12  5:41  SCV  
  12  5:42  Supply Depot  
  12  5:44  Supply Depot  
  12  5:46  Armory, SCV  
  12  5:47  SCV  
  12  5:54  SCV  
  12  6:00  Supply Depot  
  12  6:04  SCV x2, Viking  
  12  6:06  SCV  
  12  6:14  Barracks Tech Lab, Barracks Reactor  
  12  6:17  Barracks  
  12  6:22  SCV, Barracks  
  12  6:23  SCV  
  12  6:24  SCV, Barracks  
  12  6:27  Marine x3  
  12  6:28  Combat Shield  
  12  6:32  Barracks Reactor  
  12  6:34  SCV, Marine  
  12  6:45  Terran Infantry Weapons Level 2, Marine x3  
  12  6:46  SCV  
  12  6:48  Terran Infantry Armor Level 2  
  12  6:51  Marine  
  12  6:54  Supply Depot  
  12  6:55  Marine  
  12  6:56  Supply Depot  
  12  6:57  SCV  
  12  6:58  SCV x2  
  12  7:00  Viking  
  12  7:05  Supply Depot  
  12  7:08  Supply Depot  
  12  7:13  Barracks Tech Lab x2  
  12  7:14  Barracks Reactor  
  12  7:15  Marine x8  
  12  7:19  Terran Vehicle And Ship Armor Level 1  
  12  7:22  Supply Depot  
  12  7:23  Supply Depot  
  12  7:30  Command Center  
  12  7:34  Refinery  
  12  7:35  Refinery  
  12  7:40  Supply Depot  
  12  7:50  Starport  
  12  7:51  SCV x3  
  12  7:53  Marauder x3, Marine x3  
  12  7:55  Concussive Shells  
  12  7:56  Marine  
  12  8:10  Medivac x2  
  12  8:12  Marine x2  
  12  8:15  Command Center  
  12  8:17  Siege Tank  
  12  8:30  SCV  
  12  8:39  SCV  
  12  8:45  Starport Reactor  
  12  8:46  Supply Depot x2, Orbital Command  
  12  8:49  Siege Tank  
  12  8:53  SCV x3  
  12  9:00  Marauder x2, Marine x6  
  12  9:01  Marine  
  12  9:05  SCV x3  
  12  9:06  Supply Depot  
  12  9:08  Supply Depot, Marine  
  12  9:09  Marauder x2  
  12  9:10  Supply Depot x2, Medivac  
  12  9:13  Medivac  
  12  9:18  Marine x3  
  12  9:21  Siege Tank  
  12  9:24  SCV  
  12  9:29  Marauder x2, Marine x4  
  12  9:32  Viking x2  
  12  9:36  SCV  
  12  9:42  Marauder x2, Marine  
  12  9:43  Marine  
  12  9:52  Marine x2  
  12  9:53  Marauder x2, Marine  
  12  9:55  SCV  
  12  10:20  Command Center  
Tags
 
Add a new tag
Caveats
  • Supply blocks, unpowered buildings, or Contaminate may cause inaccurate times.
  • Supply counts are checked every 10 seconds.